 Dungeon Crawl Stone Soup version 0.18-a0-1574-g3f9d221 (webtiles) character file.

333 Psiweapon the Cleaver (level 6, -2/50 HPs)
             Began as a Hill Orc Gladiator on Mar 16, 2016.
             Was a Follower of Makhleb.
             Killed from afar by an orc wizard (6 damage)
             ... with a magic dart
             ... on level 5 of the Dungeon.
             The game lasted 00:09:11 (3159 turns).

Psiweapon the Cleaver (Hill Orc Gladiator)          Turns: 3159, Time: 00:09:11

Health: -2/50      AC:  3    Str: 18    XL:     6   Next: 52%
Magic:  6/6        EV: 12    Int:  8    God:    Makhleb [*.....]
Gold:   122        SH:  0    Dex: 13    Spells: 0 memorised, 5 levels left

rFire  . . .     SeeInvis .     a - +0 war axe
rCold  . . .     Gourm    .     x - +0 robe (curse)
rNeg   . . .     Faith    .     (no shield)
rPois  .         Spirit   .     c - +0 helmet
rElec  .         Dismiss  .     (no cloak)
rCorr  .         Reflect  .     (no gloves)
SustAt .         Harm     .     (no boots)
MR     .....                    (no amulet)
Stlth  ++........               (no ring)
                                y - ring of stealth

@: not resistant to hostile enchantments, unstealthy
A: no striking features
a: Renounce Religion


You were on level 5 of the Dungeon.
You worshipped Makhleb.
Makhleb was aware of your devotion.
You were not hungry.

You visited 1 branch of the dungeon, and saw 5 of its levels.

You collected 122 gold pieces.

Inventory:

Hand Weapons
 a - a +0 war axe (weapon)
Missiles
 d - 2 throwing nets
 j - 16 bolts
 q - 186 stones (quivered)
 z - 13 silver sling bullets
Armour
 b - a +0 leather armour
 c - a +0 helmet (worn)
 x - a cursed +0 robe (worn)
 B - a +1 hat
Jewellery
 y - a ring of stealth (left hand)
Wands
 H - a wand of polymorph (0/24)
Scrolls
 g - a scroll of teleportation {unknown}
 h - a scroll of amnesia {unknown}
 l - a scroll of random uselessness {unknown}
 r - a scroll of recharging {unknown}
 u - 3 scrolls of identify {unknown}
 E - a scroll of remove curse {unknown}
 F - a scroll of immolation {unknown}
Potions
 e - a potion of lignification {unknown}
 m - 2 potions of brilliance {unknown}
 n - a potion of heal wounds {unknown}
 p - a potion of curing {unknown}
 t - a potion of degeneration {unknown}
 C - a potion of berserk rage {unknown}
 D - a potion of might {unknown}
Books
 i - a book of the Sky

   Spells                             Type                      Level
   a - Summon Lightning Spire         Summoning/Air                4
   b - Airstrike                      Air                          4
   c - Silence                        Hexes/Air                    5
   d - Deflect Missiles               Charms/Air                   6
   e - Conjure Ball Lightning         Conjuration/Air              6
   f - Tornado                        Air                          9
 k - a book of Unlife

   Spells                             Type                      Level
   a - Recall                         Summoning/Translocation      3
   b - Animate Dead                   Necromancy                   4
   c - Control Undead                 Necromancy                   4
   d - Cigotuvi's Embrace             Necromancy                   5
   e - Death Channel                  Necromancy                   6
   f - Simulacrum                     Ice/Necromancy               6
 o - a book of Clouds

   Spells                             Type                      Level
   a - Mephitic Cloud                 Conjuration/Poison/Air       3
   b - Conjure Flame                  Conjuration/Fire             3
   c - Poisonous Cloud                Conjuration/Poison/Air       6
   d - Freezing Cloud                 Conjuration/Ice/Air          6
   e - Ring of Flames                 Charms/Fire                  7
Comestibles
 f - 6 bread rations
 s - a beef jerky
 v - a slice of pizza
 w - 2 meat rations
 A - 7 chunks of flesh
 G - 3 fruits


   Skills:
 - Level 2.4 Fighting
 + Level 9.3 Axes
 - Level 1.7 Throwing
 - Level 2.4 Dodging


You had 5 spell levels left.
You didn't know any spells.

Dungeon Overview and Level Annotations

Branches:
Dungeon (5/15)
 Temple: D:4-7

Altars:
Cheibriados
Kikubaaqudgha
Makhleb
Nemelex Xobeh
Pakellas


Message History

The orc wizard is severely wounded.
The orc wizard casts a spell at you. The magic dart hits you!
* * * LOW HITPOINT WARNING * * *
You hit the orc wizard.
The orc wizard is severely wounded.
The orc wizard completely misses you.
You closely miss the orc wizard.
The orc wizard is severely wounded.
The orc wizard closely misses you.
You barely miss the orc wizard.
The orc wizard is severely wounded.
The orc wizard casts a spell at you. The puff of flame hits you!
* * * LOW HITPOINT WARNING * * *
You closely miss the orc wizard.
The orc wizard is severely wounded.
The orc wizard gestures at you while chanting.
The magic dart hits you!
You die...

#......# ##.###..#
#..#%#..# #####
#..###..## $....##
#........######
.......###.#........#...
.........#...#...##...##
.......>...###..####.##
......o@.### ##.# #.#
......))..# ### #..
.........## #..#
........## #..#
......### #..# ######
##.#


You could see an orc wizard.

Vanquished Creatures
  A centaur (D:3)
  A hound (D:4)
  2 orc wizards (D:5)
  Jessica (D:3)
  Terence (D:2)
  A worker ant (D:4)
  3 adders
  A worm (D:3)
  A dart slug (D:1)
  11 orcs
  2 giant cockroaches (D:3)
  4 goblins
  4 hobgoblins (D:3)
  2 jackals (D:2)
  8 bats
  A giant newt (D:3)
  7 kobolds
  A quokka skeleton (D:4)
  7 rats
59 creatures vanquished.

Notes
Turn   | Place    | Note
--------------------------------------------------------------
     0 | D:1      | Psiweapon the Hill Orc Gladiator began the quest for the Orb.
     0 | D:1      | Reached XP level 1. HP: 18/18 MP: 1/1
    60 | D:2      | Noticed Terence
    80 | D:3      | Reached XP level 2. HP: 25/25 MP: 2/2
   120 | D:4      | Reached skill level 5 in Axes
   145 | D:5      | Entered Level 5 of the Dungeon
   447 | D:3      | Reached XP level 3. HP: 30/30 MP: 3/3
   560 | D:1      | Found a sparkling altar of Nemelex Xobeh.
   801 | D:2      | Found a snail-covered altar of Cheibriados.
   801 | D:2      | Found an ancient bone altar of Kikubaaqudgha.
   801 | D:2      | Found an oddly glowing altar of Pakellas.
  1109 | D:2      | Killed Terence
  1109 | D:2      | Reached skill level 6 in Axes
  1109 | D:2      | Reached XP level 4. HP: 17/37 MP: 4/4
  1689 | D:2      | Found a burning altar of Makhleb.
  1690 | D:2      | Noticed a cacodemon
  1731 | D:2      | Noticed a hellwing
  1731 | D:2      | Noticed a hellwing
  1733 | D:2      | Became a worshipper of Makhleb the Destroyer
  2344 | D:3      | Reached skill level 7 in Axes
  2460 | D:3      | Reached * piety under Makhleb
  2470 | D:3      | Noticed a centaur
  2479 | D:3      | Killed a centaur
  2479 | D:3      | Reached skill level 8 in Axes
  2479 | D:3      | Reached XP level 5. HP: 23/42 MP: 5/5
  2663 | D:3      | Noticed Jessica
  2674 | D:3      | Killed Jessica
  2794 | D:4      | Reached XP level 6. HP: 35/50 MP: 6/6
  2997 | D:5      | Reached skill level 9 in Axes
  3159 | D:5      | Killed from afar by an orc wizard

Vault maps used:
D:1:      minmay_arrival_four_houses, supply_closet_lemuel,
          nemelex_diamond_rough_becter
D:2:      gammafunk_temple_overflow_forgotten, makhleb_altar_promises_db,
          uniq_terence
D:3:      kennysheep_six_static_rooms, first_bread, uniq_jessica
D:4:      minmay_temple_entry_enclosed_plants
D:5:      serial_shops, nicolae_shop_stone, item_on_display_a

Skill      XL: |  1  2  3  4  5  6 |
---------------+-------------------+-----
Axes           | 5 6 8 9 |  9.3
Fighting       | |  2.4
Throwing       | |  1.7
Dodging        | |  2.4

Action                   |  1- 3 |  4- 6 || total
-------------------------+-------+-------++-------
Melee: War axe           |    65 |   122 ||   187
Throw: Stone             |     5 |    15 ||    20
       Throwing net      |     1 |     1 ||     2
Evoke: Wand              |       |     1 ||     1
 Stab: Held in net/web   |     2 |       ||     2
       Sleeping          |       |     2 ||     2
       Distracted        |       |     1 ||     1
  Eat: Chunk             |       |     7 ||     7
